 Dungeon Crawl Stone Soup version 0.28.0-53-g5a82cb258f (webtiles) character file.

Game seed: 2212370768893708835

70 unlimited1921 the Magician (level 4, 0/31 HPs)
             Began as a Djinni Fire Elementalist on June 6, 2022.
             Hit by a stone thrown by a gnoll (6 damage)
             ... on level 2 of the Dungeon.
             The game lasted 00:05:29 (1994 turns).

unlimited1921 the Magician (DjFE)                   Turns: 1994, Time: 00:05:30

Health: 0/31       AC:  2    Str:  7    XL:     4   Next: 45%
Gold:   76         EV: 12    Int: 19    God:
                   SH:  0    Dex: 13

rFire   + + .      SeeInvis .   (no weapon)
rCold   . . .      Faith    .   (no shield)
rNeg    . . .      Spirit   .   a - +0 robe
rPois   ∞          Reflect  .   (no helmet)
rElec   .          Harm     .   (no cloak)
rCorr   .          Rampage  .   (no gloves)
Will    .....                   (boots unavailable)
Stlth   ++........              (no amulet)
HPRegen 0.10/turn               g - ring of protection from cold
MPRegen 0.00/turn               (no ring)

@: flying
A: sickness immunity, fire resistance 2, cold vulnerability 1, float, innate
caster, HP casting, extra vitality 1
a: no special abilities


You were on level 2 of the Dungeon.
You visited 1 branch of the dungeon, and saw 2 of its levels.

You collected 76 gold pieces.

Inventory:

Missiles
 c - 20 stones
 d - 4 atropa-tipped darts
 h - 4 curare-tipped darts
Armour
 a - a +0 robe (worn)
Jewellery
 g - a ring of protection from cold (left hand)
Scrolls
 b - 3 scrolls of fog {unknown}
 f - a scroll of immolation {unknown}
 j - a scroll of teleportation {unknown}
Potions
 e - a potion of curing {unknown}
 i - a potion of berserk rage {unknown}


   Skills:
 + Level 0.5 Fighting
 + Level 2.5 Dodging
 + Level 1.8 Stealth
 + Level 3.5 Spellcasting


You couldn't memorise any spells.
You knew the following spells:

 Your Spells              Type           Power      Damage    Failure   Level
a - Foxfire               Conj/Fire      68%        2x1d7     3%          1
b - Scorch                Fire           34%        2d6       4%          2
c - Conjure Flame         Conj/Fire      17%        6-21      10%         3
d - Inner Flame           Hex/Fire       17%        N/A       10%         3
e - Flame Wave            Conj/Fire      17%        2d6       32%         4
f - Shock                 Conj/Air       68%        1d7       3%          1
Your spell library was empty.

Dungeon Overview and Level Annotations

Branches:
Dungeon (2/15)

Altars:

Shops:
D:1 :


Innate Abilities, Weirdness & Mutations

You are immune to sickness and miasma.
You are immune to poison.
Your flesh is very heat resistant. (rF++)
You are vulnerable to cold. (rC-)
You float through the air rather than walking.
You learn spells naturally, not from books.
Your magical power is your life essence.
You have superior vitality. (+4 MHP)


Message History

The foxfire hits the gnoll.
The gnoll is heavily wounded.
The foxfire hits the gnoll but does no damage.
The gnoll is heavily wounded.
Casting: Foxfire (safe; 3% risk of failure)
Confirm with . or Enter, or press ? or * to list all spells.
You conjure some foxfire!
The foxfire hits the gnoll but does no damage.
The gnoll is heavily wounded.
The foxfire hits the gnoll but does no damage.
The gnoll is moderately wounded.
The foxfire hits the gnoll.
The gnoll is severely wounded.
Casting: Foxfire (safe; 3% risk of failure)
Confirm with . or Enter, or press ? or * to list all spells.
You conjure some foxfire!
The gnoll hits you with a +0 club!
Casting: Foxfire (safe; 3% risk of failure)
Confirm with . or Enter, or press ? or * to list all spells.
You conjure some foxfire!
The foxfire hits the gnoll.
The gnoll is almost dead.
The gnoll hits you with a +0 club.
The gnoll hits you from afar with a +0 halberd.
* * * LOW HITPOINT WARNING * * *
Your foxfire dissipates!
The foxfire hits the gnoll.
The gnoll is almost dead.
Casting: Foxfire (safe; 3% risk of failure)
Confirm with . or Enter, or press ? or * to list all spells.
You conjure some foxfire!
* * * LOW HITPOINT WARNING * * *
The gnoll hits you from afar with a +0 halberd.
* * * LOW HITPOINT WARNING * * *
Your foxfire dissipates!
The foxfire hits the gnoll.
You kill the gnoll!
The gnoll throws a stone.
The stone misses you.
The gnoll throws a stone.
The stone hits you.
* * * LOW HITPOINT WARNING * * *
The gnoll throws a stone.
The stone hits you.
You die...

.########.# #..# #.## #. ..##
#.###### ##.###.(# #.
...######......####
#....#.####.
##......######....#
####..†..... ######...#
####.# ##....... ###g###
#.###### ###..... #...#
#......# ##.###
######g##########.######.###
#...........@...............#
##....#..########>....####...
####.##.# #####........ # #..
#######.# ...# #.≈ #... #.≈
###.. #.≈ ## #.≈ #.≈


You could see a gnoll.

Vanquished Creatures
  2 adders (D:2)
  2 gnolls (D:2)
  2 worms (D:2)
  2 endoplasms (D:2)
  A goblin (D:2)
  2 hobgoblins (D:1)
  4 jackals (D:1)
  4 kobolds
  A quokka (D:1)
  3 ball pythons
  2 frilled lizards (D:1)
  3 rats
28 creatures vanquished.

Vanquished Creatures (others)
  109 foxfires
  10 plants (D:2)
119 creatures vanquished.

Grand Total: 147 creatures vanquished

Notes
Turn   | Place    | Note
-------+----------+-------------------------------------------
     0 | D:1      | unlimited1921 the Djinni Fire Elementalist began the quest
                  | for the Orb.
     0 | D:1      | Reached XP level 1. HP: 15/15 MP: 0/0
   448 | D:1      | Found Huleus's Book Emporium.
   613 | D:1      | Reached XP level 2. HP: 20/21 MP: 0/0
  1264 | D:2      | Found a faded altar of an unknown god.
  1271 | D:2      | Reached skill level 3 in Spellcasting
  1271 | D:2      | Reached XP level 3. HP: 22/25 MP: 0/0
  1271 | D:2      | Learned a level 1 spell: Shock
  1866 | D:2      | Reached XP level 4. HP: 29/31 MP: 0/0
  1994 | D:2      | Hit by a stone thrown by a gnoll

Illustrated notes

Levels and vault maps discovered:
D:1:      dpeg_arrival_long_road, layout_basic, serial_shops, shop
D:2:      layout_rooms, basic_ecumenical_altar, minmay_misc_feat_ornament,
          nrook_campfire, minmay_crystal_water, serial_bayou_pond_a

Skill      XL: |  1  2 |
---------------+-------+-----
Spellcasting   | 3 |  3.5
Fighting       | |  0.5
Dodging        | |  2.5
Stealth        | |  1.8

Action                   |  1- 3 |  4- 6 || total
-------------------------+-------+-------++-------
 Cast: Foxfire           |    56 |    15 ||    71
Armor: Robe              |     1 |       ||     1
Dodge: Dodged            |     5 |     1 ||     6
